 Dungeon Crawl Stone Soup version 0.15-a0-2036-g5428f20 (webtiles) character file.

1659 eMajole the Covered (level 8, -9/68 HPs)
             Began as a Minotaur Fighter on July 12, 2014.
             Was a Priest of Makhleb.
             Killed by divine providence
             ... invoked by an orc priest
              (16 damage)
             ... on Level 6 of the Dungeon on July 13, 2014.
             The game lasted 00:43:11 (7311 turns).

eMajole the Covered (Minotaur Fighter)              Turns: 7311, Time: 00:43:21

HP  -9/68        AC 17     Str 24      XL: 8   Next: 68%
MP  26/26        EV  5     Int  5      God: Makhleb [***...]
Gold 359         SH 10     Dex  9      Spells:  0 memorised,  7 levels left

rFire  . . .     SeeInvis .     s - +0 mace
rCold  . . .     Clarity  .     t - +0 plate armour
rNeg   . . .     rCorr    .     c - +0 shield
rPois  .         rRot     .     (helmet restricted)
rElec  .         Spirit   .     y - +0 cloak
SustAb .         Warding  .     n - +0 pair of gloves
rMut   .         Stasis   .     D - +0 pair of boots
Gourm  .                        (no amulet)
MR     .....                    z - ring of magical power
                                j - ring of magical power

@: slowed, very slow, not resistant to hostile enchantments, extremely
unstealthy
A: retaliatory headbutt, horns 2
a: Minor Destruction, Lesser Servant of Makhleb, Renounce Religion


You were on level 6 of the Dungeon.
You worshipped Makhleb.
Makhleb was most pleased with you.
You were hungry.

You visited 2 branches of the dungeon, and saw 7 of its levels.

You collected 359 gold pieces.

Inventory:

Hand weapons
 s - a +0 mace (weapon)
Armour
 c - a +0 shield (worn)
 n - a +0 pair of gloves (worn)
 t - a +0 plate armour (worn)
 y - a +0 cloak (worn)
 D - a +0 pair of boots (worn)
Magical devices
 o - a wand of flame (3)
 q - a wand of frost (6)
 w - a wand of magic darts (12) {unknown}
 E - a wand of lightning (4) {unknown}
Comestibles
 d - 3 bread rations
 f - 4 meat rations
 i - 2 beef jerkies
 m - a slice of pizza
 H - 4 fruits
Scrolls
 g - a scroll of fog {unknown}
 h - 8 scrolls of remove curse
 l - 2 scrolls of recharging {unknown}
 r - a scroll of teleportation {unknown}
 B - a scroll of blinking {unknown}
 C - 2 scrolls of identify {unknown}
 F - 3 scrolls of enchant armour {unknown}
 G - a scroll of enchant weapon {unknown}
 I - a scroll of fear {unknown}
Jewellery
 j - a ring of magical power (left hand)
 z - a ring of magical power (right hand)
Potions
 a - a potion of invisibility {unknown}
 b - a potion of lignification {unknown}
 e - a potion of might
 k - a potion of brilliance {unknown}
 p - a potion of haste {unknown}
 u - a potion of cancellation {unknown}
 v - a potion of mutation {unknown}
 x - a potion of flight {unknown}
 A - a potion of agility


   Skills:
 + Level 5.1 Fighting
 + Level 5.5 Maces & Flails
 + Level 7.3 Armour
 + Level 3.4 Dodging
 + Level 0.8 Stealth
 + Level 6.4 Shields
 * Level 3.7 Invocations
 * Level 4.0 Evocations


You had 7 spell levels left.
You didn't know any spells.

Dungeon Overview and Level Annotations

Branches:
Dungeon (6/15)             Temple (1/1) D:5

Altars:
Ashenzari
Cheibriados
Dithmenos
Elyvilon
Fedhas
Gozag
Kikubaaqudgha
Makhleb
Nemelex Xobeh
Okawaru
Qazlal
Sif Muna
Trog
Vehumet
Xom
Yredelemnul
Zin
The Shining One

Annotations:
D:5 catsarecewl's ghost, experienced GrFi


Innate Abilities, Weirdness & Mutations

You reflexively headbutt those who attack you in melee.
You have a pair of horns on your head.


Message History

The orc wizard hits you but does no damage.
You block the orc priest's attack. You block the orc wizard's attack.
You hit the orc wizard but do no damage.
The orc wizard is severely wounded.
The orc wizard hits you but does no damage.
The orc priest invokes the aid of Beogh against you.
Something smites you!
* * * LOW HITPOINT WARNING * * *
You block the orc wizard's attack.
The orc priest mumbles some strange prayers to Beogh against you.
Something smites you!
* * * LOW HITPOINT WARNING * * *
You sock the orc wizard!
You kill the orc wizard!
Makhleb accepts your kill.
You feel a little better.
Your Evocations skill increases to level 4!
The orc priest invokes the aid of Beogh against you.
Something smites you!
You die...

###(.....### .
# ####.#...#
.... # #..##.#
..... ##
#...#.# ......
.#####...#.###
o....
......#.##...#
..$.
####..#.####.#
..# .....<..#
#.#####.o#
#.##....
#.#..@oo.#
......#.
#...####.#
......#.#
#...# #
..........
#.#..#
........#
....#.#
........####..
.#
........####.#
..
..(........#.#
.<.
..<........#.#
.#.


You could see an orc priest and 2 orcs.

Vanquished Creatures
  An ice beast (D:6)
  4 ogres
  A centaur (D:6)
  A giant frog (D:6)
  2 scorpions
  A crimson imp (D:5)
  A gnoll shaman (D:5)
  4 orc priests
  An iguana (D:5)
  7 orc wizards
  7 worker ants
  2 ogre skeletons
  The ghost of BoltOfCold the Magician, a weakling DEIE (D:3)
  9 adders
  6 gnolls (D:5)
  A shadow imp (D:6)
  9 worms
  An iguana skeleton (D:4)
  5 giant geckos
  2 oozes
  13 orcs
  3 ball pythons
  3 bats
  A bat skeleton (D:5)
  9 giant cockroaches
  16 hobgoblins
  2 jackals (D:3)
  3 quokkas
  A giant gecko zombie (D:5)
  6 giant newts
  8 goblins
  A goblin skeleton (D:4)
  17 kobolds
  A quokka zombie (D:5)
  15 rats
165 creatures vanquished.

Vanquished Creatures (others)
  An orc wizard (D:6)
1 creature vanquished.

Grand Total: 166 creatures vanquished

Notes
Turn   | Place    | Note
--------------------------------------------------------------
     0 | D:1      | eMajole, the Minotaur Fighter, began the quest for the Orb.
     0 | D:1      | Reached XP level 1. HP: 19/19 MP: 1/1
    21 | D:1      | Upgraded the game from 0.15-a0-2019-g30d9616 to 0.15-a0-2036-g5428f20
   303 | D:1      | Reached XP level 2. HP: 27/27 MP: 1/1
   338 | D:1      | Reached skill level 4 in Fighting
  1112 | D:2      | Reached XP level 3. HP: 26/33 MP: 2/2
  1416 | D:2      | Found a burning altar of Makhleb.
  1419 | D:2      | Noticed a balrug
  1424 | D:2      | Noticed a hellwing
  1424 | D:2      | Noticed an orange demon
  1436 | D:2      | Became a worshipper of Makhleb the Destroyer
  2183 | D:2      | Reached XP level 4. HP: 35/40 MP: 2/2
  2331 | D:3      | Noticed BoltOfCold's ghost (weakling DEIE)
  2344 | D:3      | Killed BoltOfCold's ghost
  2423 | D:3      | Reached skill level 1 in Dodging
  2578 | D:3      | Reached skill level 1 in Evocations
  2578 | D:3      | Reached XP level 5. HP: 32/46 MP: 3/3
  2865 | D:3      | Acquired Makhleb's first power
  3351 | D:3      | Reached skill level 5 in Armour
  3588 | D:4      | Noticed an ogre
  3608 | D:4      | Killed an ogre
  3608 | D:4      | Reached skill level 5 in Shields
  3608 | D:4      | Reached XP level 6. HP: 24/53 MP: 5/5
  3906 | D:4      | Acquired Makhleb's second power
  4396 | D:4      | Reached XP level 7. HP: 43/60 MP: 6/6
  4866 | D:5      | Entered Level 5 of the Dungeon
  4892 | D:5      | Reached skill level 6 in Armour
  4966 | D:5      | Noticed catsarecewl's ghost (experienced GrFi)
  4997 | D:5      | HP: 1/60 [catsarecewl's ghost (13)]
  5555 | D:5      | Found a glowing silver altar of Zin.
  5602 | D:5      | Reached skill level 1 in Invocations
  6176 | D:5      | Found a staircase to the Ecumenical Temple.
  6207 | Temple   | Entered the Ecumenical Temple
  6365 | D:5      | Acquired Makhleb's third power
  6584 | D:5      | Reached XP level 8. HP: 56/67 MP: 7/7
  6921 | D:6      | Reached skill level 5 in Fighting
  6921 | D:6      | Reached skill level 5 in Maces & Flails
  6921 | D:6      | Reached skill level 7 in Armour
  7228 | D:6      | Found a sparkling altar of Nemelex Xobeh.
  7310 | D:6      | HP: 1/68 [orc priest/divine providence (14)]
  7311 | D:6      | Killed from afar by an orc priest

Action                   |  1- 3 |  4- 6 |  7- 9 || total
-------------------------+-------+-------+-------++-------
Melee: Flail             |    66 |       |       ||    66
       Whip              |    59 |   278 |   108 ||   445
       Mace              |       |       |   203 ||   203
Evoke: Wand              |     1 |     3 |    11 ||    15
  Use: Potion            |       |     2 |       ||     2
       Scroll            |       |     1 |       ||     1
  Eat: Chunk             |     3 |     8 |     5 ||    16
       Bread ration      |       |       |     1 ||     1
